 Dungeon Crawl Stone Soup version 0.30-a0-168-g0b976cbdc4 (webtiles) character file.

Game seed: 9675579211424146419

429 Pooter the Chopper (level 6, -1/56 HPs)
             Began as a Minotaur Berserker on Sept 29, 2022.
             Was a Follower of Trog.
             Slain by an orc priest
             ... wielding a +0 club
              (3 damage)
             ... on level 3 of the Dungeon.
             The game lasted 00:08:31 (2262 turns).

Pooter the Chopper (Minotaur Berserker)             Turns: 2262, Time: 00:08:32

Health: -1/56      AC: 11    Str: 27    XL:     6   Next: 66%
Magic:  0/0        EV: 11    Int:  4    God:    Trog [*.....]
Gold:   95         SH:  0    Dex: 10    Spells: 5/5 levels left

rFire   . . .      SeeInvis +    a - +0 halberd
rCold   . . .      Faith    .    (shield currently unavailable)
rNeg    . . .      Spirit   .    p - +0 plate armour of the Vestibule of Hell {MP-9 Str+4 SInv}
rPois   .          Reflect  .    (helmet restricted)
rElec   .          Harm     .    (no cloak)
rCorr   .          Rampage  .    (no gloves)
Will    .....                    (no boots)
Stlth   ..........               (no amulet)
HPRegen 0.18/turn                i - +4 ring of evasion
MPRegen 0.07/turn                (no ring)

@: confused, lethally poisoned (-1 -> -11)
A: horns 2, retaliatory headbutt
a: Renounce Religion, Berserk


You were on level 3 of the Dungeon.
You worshipped Trog.
Trog was aware of your devotion.
You visited 1 branch of the dungeon, and saw 3 of its levels.

You collected 95 gold pieces.

Inventory:

Hand Weapons
 a - a +0 halberd (weapon)
   (You took it off a gnoll on level 2 of the Dungeon)
 b - a +0 sling
   (You found it on level 2 of the Dungeon)
 e - a +0 flail
   (You took it off a gnoll on level 1 of the Dungeon)
 n - a +0 hand axe
 s - a +2 whip of holy wrath
   (You took it off a kobold on level 2 of the Dungeon)
Missiles
 g - 5 boomerangs (quivered)
 k - 4 throwing nets {!f}
 m - 3 datura-tipped darts
 Q - 23 stones
Armour
 c - a +0 ring mail
   (You found it on level 1 of the Dungeon)
 p - the +0 plate armour of the Vestibule of Hell (worn) {MP-9 Str+4 SInv}
   (You acquired it on level 2 of the Dungeon)

   Str:       It affects your strength (+4).
   MP:        It affects your magic capacity (-9).
   SInv:      It lets you see invisible.
Jewellery
 i - a +4 ring of evasion (left hand)
   (You found it on level 2 of the Dungeon)
Scrolls
 f - a scroll of vulnerability {!r}
 j - a scroll of poison {unknown}
 o - 2 scrolls of silence {unknown}
 q - a scroll of immolation {unknown}
Potions
 d - a potion of heal wounds {unknown}
 h - a potion of curing {unknown}
 l - a potion of mutation {unknown}
 r - a potion of might {unknown}


   Skills:
 + Level 5.3 Fighting
 * Level 6.7 Axes
 * Level 4.0 Ranged Weapons
 - Level 2.4 Armour
 - Level 2.1 Dodging


You had 5 spell levels left.
You didn't know any spells.
Your spell library was empty.

Dungeon Overview and Level Annotations

Branches:
Dungeon (3/15)

Altars:


Innate Abilities, Weirdness & Mutations

You have a pair of horns on your head.
You reflexively headbutt those who attack you in melee.


Message History

Beogh smites you!
The orc wizard points at you and mumbles some strange words.
You are more confused.
You hear a shout!
The orc priest mumbles some strange prayers to Beogh against you.
Beogh smites you!
You miss the orc wizard.
The orc wizard hits you but does no damage.
An orc comes into view. It is wielding a +0 hand axe.
A dart slug comes into view.
The orc shouts!
The orc wizard hits you but does no damage.
Okay, then.
You miss the orc wizard.
The orc wizard hits you but does no damage.
The orc priest looks satisfied for a moment.
You closely miss the orc wizard.
The orc wizard hits you but does no damage.
The orc hits you but does no damage. The orc barely misses you.
The orc hits you but does no damage. The orc wizard casts a spell at you.
The puff of flame misses you.
You closely miss the orc. The orc wizard casts a spell at you.
The puff of flame hits you. The orc barely misses you.
The orc hits you with a +3 short sword of venom.
You are poisoned.
You miss the orc.
You feel very sick.
The orc priest calls down the wrath of Beogh upon you.
Beogh smites you!
* * * LOW HITPOINT WARNING * * *
The orc wizard hits you but does no damage.
The orc hits you but does no damage. The orc hits you with a +0 whip.
* * * LOW HITPOINT WARNING * * *
The orc hits you with a +3 short sword of venom.
* * * LOW HITPOINT WARNING * * *
You are lethally poisoned!
You hit the orc priest but do no damage.
* * * LOW HITPOINT WARNING * * *
You feel very sick. The orc priest closely misses you.
The orc wizard points at you and mumbles some strange words.
The puff of flame hits you.
* * * LOW HITPOINT WARNING * * *
The orc completely misses you. The orc hits you but does no damage.
The orc hits you with a +3 short sword of venom.
* * * LOW HITPOINT WARNING * * *
The orc priest hits you with a +0 club.
You die...

........ ...
......###... ..
............. ...
#...........# ...#
...........##. .....
#..............
.....##..............
.....woo.##....#...##...
.....wo@...........+....
......oo...........#...#
...................#....
........................
.?......................
###.....................
#...................<.
#............###......
#........##### #.#####


You could see a worm, an orc priest, an orc wizard, a dart slug and 3 orcs.

Vanquished Creatures
  Grinder (D:3)
  Sigmund (D:2)
  4 gnolls
  A dart slug (D:1)
  2 ball pythons
  4 endoplasms (D:1)
  3 giant cockroaches (D:1)
  4 hobgoblins
  2 kobolds (D:2)
  2 quokkas
  4 bats
  4 frilled lizards
  7 goblins
  7 rats
46 creatures vanquished.

Notes
Turn   | Place    | Note
-------+----------+-------------------------------------------
     0 | D:1      | Pooter the Minotaur Berserker began the quest for the Orb.
     0 | D:1      | Reached XP level 1. HP: 19/19 MP: 0/0
    36 | D:1      | Reached skill level 4 in Axes
    36 | D:1      | Reached XP level 2. HP: 8/27 MP: 1/1
   332 | D:1      | Found a faded altar of an unknown god.
   716 | D:1      | Reached XP level 3. HP: 33/33 MP: 2/2
  1073 | D:2      | Identified a scroll of acquirement
  1074 | D:2      | Acquired the +0 plate armour of the Vestibule of Hell {MP-9
                  | Str+4 SInv}
  1218 | D:2      | Reached skill level 5 in Axes
  1262 | D:2      | Reached skill level 1 in Ranged Weapons
  1262 | D:2      | Reached XP level 4. HP: 41/41 MP: 0/3
  1382 | D:2      | Reached ** piety under Trog
  1461 | D:2      | Noticed Sigmund
  1469 | D:2      | Killed Sigmund
  1470 | D:2      | Reached skill level 6 in Axes
  1470 | D:2      | Reached XP level 5. HP: 47/47 MP: 0/4
  1696 | D:2      | Identified the +0 leather armour of Zaj Hir {rN+}
  2206 | D:3      | Noticed Grinder
  2216 | D:3      | Killed Grinder
  2217 | D:3      | Reached skill level 5 in Fighting
  2217 | D:3      | Reached XP level 6. HP: 56/56 MP: 0/5
  2262 | D:3      | HP: 2/56 [orc/+3 short sword of venom (3)]
  2262 | D:3      | Slain by an orc priest

Illustrated notes

Levels and vault maps discovered:
D:1:      giann_horns, layout_rooms, chequers_ecumenical_altar_island
D:2:      layout_loops_corners, uniq_sigmund
D:3:      layout_basic, uniq_grinder, uniq_crazy_yiuf_cottage, uniq_terence

Skill      XL: |  1  2  3  4  5 |
---------------+----------------+-----
Fighting       | 4 5 |  5.3
Axes           | 4 5 6 |  6.7
Ranged Weapons | 1 3 4 |  4.0
Armour         | |  2.4
Dodging        | |  2.1

Action                   |  1- 3 |  4- 6 || total
-------------------------+-------+-------++-------
Melee: Hand axe          |    12 |       ||    12
       Headbutt          |     9 |     4 ||    13
       Punch             |     1 |       ||     1
       Flail             |    62 |       ||    62
       Halberd           |     5 |    33 ||    38
 Fire: Sling             |     4 |    10 ||    14
Invok: Berserk           |     2 |     2 ||     4
       Trog's Hand       |       |     2 ||     2
  Use: Scroll            |     3 |     1 ||     4
Armor: Ring mail         |    31 |       ||    31
       Plate armour      |    12 |    19 ||    31
Dodge: Dodged            |    31 |    17 ||    48

Table legend: (Time is in decaauts)
 A = Elapsed time spent in this place.
 B = Non-inter-level travel time spent in this place.
 C = Inter-level travel time spent in this place.
 D = Time resting spent in this place.
 E = Time spent auto-exploring this place.
 F = Levels seen in this place.
 G = Mean time per level.
                   A        B        C        D        E       F      G
               +--------+--------+--------+--------+--------+-----+--------+
         Total |   2327 |   2250 |     77 |    365 |   1469 |   3 |  775.7 |
       Dungeon |   2327 |   2250 |     77 |    365 |   1469 |   3 |  775.7 |
               +--------+--------+--------+--------+--------+-----+--------+

Top non-repeatable levels by time:
     D:2: 1168 daAuts
     D:1: 1086 daAuts
     D:3: 72 daAuts
